[Event "27th Sharjah International Rapid Chess-c"]
[Site "Sharjah"]
[Date "2022.04.07"]
[Round "5.30"]
[White "Bashkite, Viktoria"]
[Black "Margaryan, Mikayel"]
[Result "0-1"]
[ECO "A25"]
[WhiteElo "2105"]
[BlackElo "1403"]
[Annotator "TA"]
[PlyCount "54"]
[EventDate "2022.04.07"]
[EventType "rapid"]
[EventCountry "UAE"]
[SourceTitle "playchess.com"]
[Source "ChessBase"]
[SourceQuality "1"]
[TimeControl "600+3"]

1. c4 e5 2. Nc3 g6 3. g3 Bg7 4. Bg2 Nc6 5. e3 Nf6 6. Nge2 O-O 7. O-O d6 8. d4 exd4 9. exd4 Re8 {[%emt 0:00:04] E61: King's Indian: Early deviations for White, including Smyslov System.} 10. h3 h5 11. Bg5 Ne7 {[%emt 0:00:41] White has an edge.} 12. Qd2 Bf5 13. Kh2 Qd7 14. d5 Nh7 {[%emt 0:01:55] [#]} 15. Bh6 $146 (15. Bf4 $14) ({Predecessor:} 15. Be3 Qd8 16. Nd4 Bd7 17. Rae1 Nf5 18. Nxf5 Bxf5 19. Bd4 Bxd4 20. Qxd4 a6 21. f4 {1-0 (51) Cvitan,O (2570)-Jurkovic,A (2330) Pula 2002}) 15... Bxh6 $11 16. Qxh6 Bd3 17. Qf4 Qf5 (17... Bxe2 $5 18. Nxe2 Nxd5 $1 $11) 18. Rfe1 Qxf4 19. Nxf4 Bxc4 20. Re4 Ba6 21. Rae1 Kf8 22. b4 ({Better is} 22. Ra4 $1 $11) 22... b6 {[%emt 0:00:05] White should prevent ...Nf6.} (22... b5 $5 ) 23. b5 Bb7 24. Rc4 $1 Rac8 25. h4 Nf6 26. Bh3 {[%emt 0:00:13] Prevents Nd7.} Nf5 ({Of course not} 26... Bxd5 27. Ra4 (27. Rd4 c5 $15) 27... Rcd8 {[#]} 28. Rxe7 $1 Rxe7 29. Nfxd5 (29. Ncxd5 Nxd5 30. Nxd5 Re2 $11) 29... Nxd5 30. Nxd5 $11) (26... Ng4+ $15 27. Bxg4 hxg4) 27. Rxe8+ Kxe8 {[%emt 0:00:02][%mdl 32768] Weighted Error Value: White=0.18 (very precise) /Black=0.13 (very precise) . Sensor Board Error (Ke4/e5)?} 0-1

[Event "27th Sharjah International Rapid Chess-c"]
[Site "Sharjah"]
[Date "2022.04.07"]
[Round "5.31"]
[White "Sameir, Ramez"]
[Black "Maurya, Vaidya"]
[Result "1-0"]
[ECO "B21"]
[WhiteElo "1892"]
[BlackElo "1162"]
[Annotator "NA RC"]
[PlyCount "43"]
[EventDate "2022.04.07"]
[EventType "rapid"]
[EventCountry "UAE"]
[SourceTitle "playchess.com"]
[Source "ChessBase"]
[SourceQuality "1"]
[TimeControl "600+3"]

1. e4 c5 2. d4 cxd4 3. c3 dxc3 4. Nxc3 e5 5. Nf3 Nc6 6. Bc4 Bc5 7. Bxf7+ Kxf7 8. Qd5+ Ke8 9. Qxc5 Qe7 10. Qc4 Nf6 11. Bg5 Qb4 12. Qe2 d6 13. Bxf6 gxf6 14. O-O Bg4 15. Nd5 Bxf3 16. Qxf3 Nd4 17. Qh5+ Kd7 18. Qf7+ Kc6 19. Qc7+ Kb5 20. Qxb7+ Ka5 21. Qxb4+ Ka6 22. Nc7# 1-0

[Event "27th Sharjah International Rapid Chess-c"]
[Site "Sharjah"]
[Date "2022.04.07"]
[Round "5.32"]
[White "Dhulipala, Sudheer S"]
[Black "Abdulrahman Mohammad, Al Taher"]
[Result "0-1"]
[ECO "B23"]
[WhiteElo "1840"]
[BlackElo "2017"]
[Annotator "TA"]
[PlyCount "76"]
[EventDate "2022.04.07"]
[EventType "rapid"]
[EventCountry "UAE"]
[SourceTitle "playchess.com"]
[Source "ChessBase"]
[SourceQuality "1"]
[TimeControl "600+3"]

1. e4 c5 2. Nc3 Nc6 3. f4 g6 4. Nf3 Bg7 5. Bb5 d6 6. O-O Nf6 {[%emt 0:00:09] B23: Closed Sicilian: Lines without g3.} 7. d3 O-O 8. Be3 (8. Bxc6 $11 bxc6 9. h3) 8... Ng4 ({Better is} 8... Nd4 $15) 9. Qd2 $2 (9. Bd2 $11 {and White has nothing to worry.}) 9... Nxe3 $19 10. Qxe3 Nd4 {[%emt 0:00:04] [#]} (10... Bd4 $19 {is more deadly.} 11. Nxd4 cxd4) 11. Rac1 $146 (11. Qd2 $17 {was worth a try.}) ({Predecessor:} 11. Rf2 Bg4 12. e5 Bxf3 13. gxf3 d5 14. Rd1 a6 15. Ba4 Rc8 16. a3 e6 17. Rg2 Qh4 18. Rg4 Qh3 19. Rg3 Qh4 20. Rg4 Qh3 21. Rg3 {½-½ (21) Krauss,D (1880)-Thoue,J (1702) Avoine 2006}) 11... Qb6 12. Bc4 Qxb2 13. Ne2 (13. Nd5 {keeps fighting.} e6 14. Ne7+ Kh8 15. Kh1) 13... b5 14. Bd5 Rb8 ({And not} 14... Nxc2 15. Qd2 Nb4 16. Qxb2 (16. Bxa8 Qxd2 17. Nxd2 Bg4 $17) 16... Bxb2 17. Bxa8 $11) (14... Nxf3+ $19 15. Qxf3 Rb8) 15. Kh1 $2 {[%emt 0:00:09][%mdl 8192] White does not recover from this.} (15. Nexd4 $17 {is more resistant.} cxd4 16. Qf2) 15... Nxc2 16. Qd2 Nb4 17. Qe3 Nxd5 18. exd5 Qxa2 19. Qxe7 Qxd5 20. Qxa7 Bf5 {[%emt 0:00:21] [#] Strongly threatening ...Ra8.} 21. Nc3 Qxd3 22. Rfd1 Qe3 23. Nd5 Qe6 24. Ne7+ Kh8 25. Re1 $2 (25. Ng5 Ra8 26. Nxe6 Rxa7 27. Nxf5 fxe6 28. Nxd6) 25... Qd7 26. Qa3 b4 27. Qb3 Be6 28. Nd5 Qc6 29. Red1 Rfc8 {[%emt 0:00:28] [#] And now ...c4 would win.} 30. Ng5 c4 31. Qf3 b3 32. Nxe6 fxe6 33. Ne7 Qxf3 34. gxf3 Rc7 35. Nxg6+ hxg6 {[%emt 0:00:01] Black mates.} 36. Rxd6 b2 37. Rb1 c3 38. Rxe6 c2 {[%emt 0:00:00] Weighted Error Value: White=1.16/Black=0.40} 0-1

[Event "27th Sharjah International Rapid Chess-c"]
[Site "Sharjah"]
[Date "2022.04.07"]
[Round "5.33"]
[White "Alkhour, Seifedin"]
[Black "Mohamed, Yousuf Al-Ali"]
[Result "1-0"]
[ECO "C44"]
[WhiteElo "1327"]
[BlackElo "1267"]
[Annotator "NA"]
[PlyCount "41"]
[EventDate "2022.04.07"]
[EventType "rapid"]
[EventCountry "UAE"]
[SourceTitle "playchess.com"]
[Source "ChessBase"]
[SourceQuality "1"]
[TimeControl "600+3"]

1. e4 e5 2. Nf3 Nc6 3. d4 exd4 4. Nxd4 Nf6 5. Nc3 Bb4 6. Nxc6 bxc6 7. Bd3 O-O 8. Bg5 Re8 9. O-O d5 10. exd5 Bxc3 11. bxc3 cxd5 12. Qf3 Be6 13. Rad1 c6 14. Rfe1 h6 15. Bh4 g5 16. Bg3 Bg4 17. Rxe8+ Qxe8 18. Qxf6 Bxd1 19. Be5 Kf8 20. Qxh6+ Ke7 21. Qd6# 1-0

[Event "27th Sharjah International Rapid Chess-c"]
[Site "Sharjah"]
[Date "2022.04.07"]
[Round "5.34"]
[White "Sriram Venkatesan"]
[Black "Rafee, Mohd Hayel"]
[Result "0-1"]
[ECO "A43"]
[WhiteElo "1108"]
[BlackElo "1941"]
[Annotator "TA"]
[PlyCount "70"]
[EventDate "2022.04.07"]
[EventType "rapid"]
[EventCountry "UAE"]
[SourceTitle "playchess.com"]
[Source "ChessBase"]
[SourceQuality "1"]
[TimeControl "600+3"]

1. d4 c5 2. Bf4 cxd4 3. Qxd4 Nc6 4. Qd1 e5 5. Bg3 Nf6 6. e3 {[%emt 0:00:10] A43: Schmid Benoni.} d5 {[%emt 0:00:02] [#]} (6... Qb6 $17 {aiming for ...h5.} 7. Qc1 h5) 7. Bb5 $146 ({Predecessor:} 7. h3 Bd6 8. Nd2 Be6 9. Bb5 O-O 10. Bxc6 bxc6 11. Ngf3 Qb8 12. b3 Nd7 13. O-O {0-1 (29) Meth,A-Axt,C freechess.de 2019}) 7... Bb4+ 8. c3 {[%emt 0:00:15] Black is slightly better.} Bd6 9. Nf3 Qe7 (9... Bg4 $15 10. Be2 O-O) 10. Nbd2 O-O 11. O-O a6 12. Ba4 b5 (12... e4 {feels hotter.} 13. Nd4 Bxg3 14. fxg3 Ng4) 13. Bb3 Na5 14. h3 Nxb3 15. Nxb3 (15. axb3 $15 Ne4 16. Nxe4 dxe4 17. Bh4) 15... Bf5 (15... h6 $17) 16. Bh4 $15 Rfd8 17. Qe2 {[%emt 0:00:42] [#]} ({Reject} 17. Bxf6 Qxf6 18. Qe2 (18. Qxd5 $2 e4 $19) 18... Rac8 $17) 17... Bg6 ({Black should play} 17... h6 $1 $17) 18. Nh2 Qe6 19. Rfe1 (19. Ng4 $11) 19... Rd7 {[%emt 0:00:06] &Nero is more active.} 20. Rad1 {[%emt 0:00:29] [#]} Bh5 (20... Ne4 $1 $17 21. f3 Nc5) 21. f3 $11 Be7 22. Bxf6 ({Better is} 22. g4 $11 Bg6 23. f4) 22... Qxf6 $15 23. e4 d4 24. cxd4 exd4 25. Ng4 Qb6 (25... Bxg4 $17 26. fxg4 Qe5) 26. Kh1 Bxg4 27. fxg4 a5 28. Qf3 a4 29. Nc1 Rc8 30. Re2 Qe6 31. Red2 {[%emt 0:00:13][%mdl 8192] Now White is beyond hope.} (31. Qf5 $15) 31... Bg5 $19 32. Rxd4 (32. Nd3 $142 Bxd2 33. Rxd2) 32... Rxd4 33. Rxd4 Rxc1+ 34. Kh2 Qe5+ 35. g3 Rc2+ {[%emt 0:00:11] Weighted Error Value: White=0.79/Black=0.21 (precise)} 0-1